 Dungeon Crawl Stone Soup version 0.28-a0-1616-g050a50673c (webtiles) character file.

Game seed: 15183821580888211836

931 mcsnuffy the Sneak (level 8, -5/49 HPs)
             Began as a Kobold Brigand on Jan 23, 2022.
             Was an Initiate of Gozag.
             Slain by Duvessa (9 damage)
             ... on level 5 of the Dungeon.
             The game lasted 00:11:48 (5574 turns).

mcsnuffy the Sneak (Kobold Brigand)                 Turns: 5574, Time: 00:11:49

Health: -5/49      AC:  8    Str: 10    XL:     8   Next: 33%
Magic:  8/8        EV: 16    Int: 12    God:    Gozag
Gold:   411        SH:  0    Dex: 17    Spells: 7/7 levels left

rFire   . . .      SeeInvis .   a - +3 dagger
rCold   . . .      Faith    .   (no shield)
rNeg    . . .      Spirit   .   t - +0 ring mail
rPois   .          Reflect  .   (no helmet)
rElec   .          Harm     .   c - +2 cloak
rCorr   +          Rampage  .   (no gloves)
Will    .....                   (no boots)
Stlth   ++++......              (no amulet)
HPRegen 0.16/turn               R - ring of resist corrosion
MPRegen 0.11/turn               (no ring)

@: no status effects
A: small, no large weapons, nightstalker 3
a: Renounce Religion, Potion Petition, Call Merchant, Bribe Branch


You were on level 5 of the Dungeon.
You worshipped Gozag.
Gozag was aware of your devotion.
You visited 1 branch of the dungeon, and saw 5 of its levels.

You collected 464 gold pieces.
You paid 53 gold pieces to Gozag.


Innate Abilities, Weirdness & Mutations

You are small and have problems with some larger weapons.
You are completely attuned to the shadows.


   Skills:
 - Level 5.0 Fighting
 + Level 6.4 Short Blades
 - Level 2.1 Throwing
 - Level 7.0 Dodging
 - Level 7.0 Stealth


You had 7 spell levels left.
You didn't know any spells.
Your spell library contained the following spells:

 Spells                   Type           Power      Damage    Failure   Level
 Beastly Appendage        Tmut           0%         N/A       65%         1
 Magic Dart               Conj           0%         1d3       65%         1
 Shock                    Conj/Air       0%         1d3       65%         1
 Call Imp                 Summ           0%         N/A       78%         2
 Corpse Rot               Necr/Air       0%         N/A       78%         2
 Poisonous Vapours        Pois/Air       0%         N/A       78%         2
 Wereblood                Tmut           0%         N/A       78%         2
 Mephitic Cloud           Conj/Pois/Air  0%         N/A       95%         3
 Ozocubu's Armour         Ice            0%         N/A       95%         3
 Spider Form              Tmut/Pois      0%         N/A       95%         3
 Swiftness                Air            0%         N/A       95%         3
 Airstrike                Air            0%         N/A       100%        4
 Ozocubu's Refrigeration  Ice            0%         4d5       100%        7

Inventory:

Hand Weapons
 a - a +3 dagger (weapon)
 j - a +0 dagger of venom
Missiles
 d - 5 poisoned darts (quivered)
Armour
 c - a +2 cloak (worn)
 o - a +0 scale mail
 t - a +0 ring mail (worn)
Jewellery
 M - a ring of magical power
 R - a ring of resist corrosion (left hand)
Wands
 b - a wand of flame (5)
Scrolls
 g - a scroll of summoning {unknown}
 h - a scroll of brand weapon {unknown}
 l - a scroll of vulnerability {unknown}
 m - a scroll of amnesia {unknown}
 p - 3 scrolls of teleportation {@r2}
 r - a scroll of fear {unknown}
 w - a scroll of torment {unknown}
Potions
 i - 2 potions of resistance {unknown}
 k - a potion of curing {@q1}
 q - a potion of attraction {unknown}
 s - 2 potions of flight
 u - a potion of degeneration {unknown}
 v - a potion of ambrosia {unknown}

Dungeon Overview and Level Annotations

Branches:
Dungeon (5/15)
 Temple: D:4-7

Altars:
Gozag

Annotations:
D:5 Duvessa

##..........####
##.......###
###....## ##...#
#### ##.## ##..###
###.### #.....##
#.....## ##......##
##......# #........#
#....@e.##
#.......##
#(.......###.......#
#......#.....(.....#
#......###........##
###....# ##.......#
#...## #........####
l #...#
#......#...(# o#
##.## #......####..
# ### #.....## ##.


You could see Duvessa (berserk, poisoned).


Message History

Press: ? - help, Q - select action, (/) - cycle Shift-Dir - straight line, f/p - Duvessa
Aim: Duvessa, wielding a +0 rapier of speed and wearing a +3 leather armour of willpower (moderately wounded, berserk, very poisoned, slow, 66% to hit)
You throw a poisoned dart. The poisoned dart hits Duvessa.
Duvessa looks even sicker.
Duvessa is moderately wounded.
Duvessa misses you.
Duvessa rages.
Duvessa is no longer moving slowly.
Duvessa rages.
Duvessa hits you with a +0 rapier of speed!
Duvessa completely misses you.
Duvessa hits you with a +0 rapier of speed!
* * * LOW HITPOINT WARNING * * *
Unknown command.
Throw: 6 darts (poison)
Press: ? - help, Q - select action, (/) - cycle Shift-Dir - straight line, f/p - Duvessa
Aim: Duvessa, wielding a +0 rapier of speed and wearing a +3 leather armour of willpower (moderately wounded, berserk, very poisoned, 66% to hit)
You throw a poisoned dart.
The poisoned dart barely misses Duvessa.
Duvessa hits you with a +0 rapier of speed.
* * * LOW HITPOINT WARNING * * *
Duvessa hits you with a +0 rapier of speed.
* * * LOW HITPOINT WARNING * * *
Duvessa hits you with a +0 rapier of speed.
* * * LOW HITPOINT WARNING * * *
Duvessa rages.
Duvessa barely misses you.
Duvessa hits you with a +0 rapier of speed!
You die...
Your body crumbles into a pile of gold.

Skill      XL: |  1  2  3  4  5  6  7  8 |
---------------+-------------------------+-----
Short Blades   | 3 4 5 6 |  6.4
Dodging        | 2 3 4 6 7 |  7.0
Stealth        | 6 7 |  7.0
Fighting       | 3 5 |  5.0
Throwing       | |  2.1

Action                   |  1- 3 |  4- 6 |  7- 9 || total
-------------------------+-------+-------+-------++-------
Melee: Dagger            |    75 |   207 |   169 ||   451
       Punch             |       |     3 |     5 ||     8
Throw: Dart              |       |     1 |     5 ||     6
  Use: Scroll            |       |     5 |     4 ||     9
 Stab: Sleeping          |    14 |    13 |    12 ||    39
Armor: Robe              |     8 |     2 |       ||    10
       Ring mail         |       |    34 |    43 ||    77
Dodge: Dodged            |    25 |    93 |   105 ||   223

Levels and vault maps discovered:
D:1:      eino_arrival_cavern_d, layout_loops_ring,
          ebering_ecumenical_altar_rust
D:2:      layout_loops_cross, minmay_misc_feat_cross
D:3:      layout_basic
D:4:      layout_loops_cross, nicolae_gozag_cash_rules_everything_around_me,
          serial_undead, serial_undead_b, serial_undead_b, serial_undead_b,
          serial_undead_b, serial_undead_b, serial_undead_a
D:5:      minmay_chambers_of_threes, layout_cave_pods, uniq_menkaure, uniq_ijyb,
          uniq_duvessa

Notes
Turn   | Place    | Note
-------+----------+-------------------------------------------
     0 | D:1      | mcsnuffy the Kobold Brigand began the quest for the Orb.
     0 | D:1      | Reached XP level 1. HP: 12/12 MP: 1/1
    21 | D:1      | Reached skill level 3 in Short Blades
   239 | D:1      | Reached XP level 2. HP: 17/17 MP: 2/2
   435 | D:1      | Found a faded altar of an unknown god.
   550 | D:1      | Reached skill level 4 in Short Blades
   795 | D:1      | Reached XP level 3. HP: 21/21 MP: 3/3
  1229 | D:2      | Reached skill level 5 in Short Blades
  1606 | D:2      | Reached skill level 2 in Dodging
  1606 | D:2      | Reached XP level 4. HP: 26/26 MP: 4/4
  1731 | D:2      | Noticed a scorpion
  1735 | D:2      | Killed a scorpion
  1736 | D:2      | Reached skill level 3 in Dodging
  1736 | D:2      | Reached skill level 6 in Stealth
  1736 | D:2      | Reached XP level 5. HP: 30/30 MP: 5/5
  2974 | D:4      | Reached XP level 6. HP: 35/35 MP: 6/6
  3004 | D:4      | Reached skill level 4 in Dodging
  3078 | D:4      | Reached skill level 7 in Stealth
  3365 | D:4      | Found an opulent altar of Gozag.
  3370 | D:4      | Became a worshipper of Gozag Ym Sagoz the Greedy
  3399 | D:4      | Reached skill level 3 in Fighting
  3816 | D:4      | Reached XP level 7. HP: 36/41 MP: 7/7
  3960 | D:4      | Reached skill level 4 in Fighting
  3960 | D:4      | Reached skill level 5 in Dodging
  4560 | D:4      | Reached skill level 5 in Fighting
  4730 | D:5      | Entered Level 5 of the Dungeon
  4837 | D:5      | Reached skill level 6 in Dodging
  4860 | D:5      | Noticed Ijyb
  4864 | D:5      | Killed Ijyb
  5145 | D:5      | Reached XP level 8. HP: 33/49 MP: 8/8
  5343 | D:5      | Reached skill level 7 in Dodging
  5487 | D:5      | Reached skill level 6 in Short Blades
  5542 | D:5      | Noticed Dowan
  5545 | D:5      | Noticed Duvessa
  5546 | D:5      | Killed Dowan
  5571 | D:5      | HP: 4/49 [Duvessa (2)]
  5574 | D:5      | Slain by Duvessa

Vanquished Creatures
  A water moccasin (D:5)
  An ogre (D:5)
  A scorpion (D:2)
  Dowan (D:5)
  A centaur zombie (D:4)
  2 jellies
  2 bullfrog skeletons (D:4)
  4 hounds
  Ijyb (D:5)
  2 scorpion zombies (D:4)
  2 orc wizards (D:5)
  A hound zombie (D:4)
  3 hound skeletons (D:4)
  A howler monkey zombie (D:4)
  8 adders
  2 adder zombies (D:4)
  4 worms
  2 dart slugs (D:1)
  11 orcs
  An endoplasm (D:1)
  3 giant cockroaches
  10 hobgoblins
  4 jackals (D:3)
  4 quokkas
  6 ball pythons
  3 bats
  6 frilled lizards
  4 goblins (D:1)
  8 kobolds
  A quokka zombie (D:4)
  5 rats
105 creatures vanquished.

Vanquished Creatures (others)
  15 withered plants (D:4)
15 creatures vanquished.

Grand Total: 120 creatures vanquished

Table legend: (Time is in decaauts)
 A = Elapsed time spent in this place.
 B = Non-inter-level travel time spent in this place.
 C = Inter-level travel time spent in this place.
 D = Time resting spent in this place.
 E = Time spent auto-exploring this place.
 F = Levels seen in this place.
 G = Mean time per level.
                   A        B        C        D        E       F      G
               +--------+--------+--------+--------+--------+-----+--------+
         Total |   5461 |   5366 |     95 |    623 |   3731 |   5 | 1092.2 |
       Dungeon |   5461 |   5366 |     95 |    623 |   3731 |   5 | 1092.2 |
               +--------+--------+--------+--------+--------+-----+--------+

Top non-repeatable levels by time:
     D:4: 1713 daAuts
     D:1: 1131 daAuts
     D:2: 1025 daAuts
     D:5: 831 daAuts
     D:3: 760 daAuts

Table legend:
 A = Non-vault XP
 B = Vault XP
 C = Vault XP percentage of total XP
 D = Non-vault monster count
 E = Vault monster count
 F = Vault count percentage of total count
                 A         B        C        D         E       F
            +---------+---------+-------+---------+---------+-------
      Total |     916 |     415 |  31.2 |      90 |      15 |  14.3
            +---------+---------+-------+---------+---------+-------
        D:1 |      45 |       0 |   0.0 |      25 |       0 |   0.0
        D:2 |     154 |       0 |   0.0 |      16 |       0 |   0.0
        D:3 |      57 |       0 |   0.0 |      18 |       0 |   0.0
        D:4 |     190 |     310 |  62.0 |      18 |      13 |  41.9
        D:5 |     470 |     105 |  18.3 |      13 |       2 |  13.3
            +---------+---------+-------+---------+---------+-------
